 Dungeon Crawl Stone Soup version 0.23.2-1-ga50397a (webtiles) character file.

Game seed: 15966714478495931466

92 doot the Gusty (level 4, -4/24 HPs)
             Began as a Tengu Air Elementalist on May 12, 2019.
             Slain by a bullfrog (6 damage)
             ... on level 3 of the Dungeon.
             The game lasted 00:04:23 (1576 turns).

doot the Gusty (Tengu Air Elementalist)             Turns: 1576, Time: 00:04:24

Health: -4/24      AC:  3    Str:  8    XL:     4   Next: 60%
Magic:  1/9        EV: 13    Int: 16    God:
Gold:   40         SH:  0    Dex: 15    Spells: 3/9 levels left

rFire    . . .     SeeInvis .   i - +0 halberd
rCold    . . .     Gourm    .   (shield currently unavailable)
rNeg     + . .     Faith    .   o - +0 robe {rN+}
rPois    .         Spirit   .   (helmet restricted)
rElec    .         Reflect  .   h - +0 cloak
rCorr    .         Harm     .   (no gloves)
MR       .....                  (boots unavailable)
Stlth    ++........             (no amulet)
HPRegen  0.08/turn              d - +5 ring of slaying
MPRegen  0.11/turn              (no ring)

@: swift, quick
A: beak, talons 3
a: no special abilities


You were on level 3 of the Dungeon.
You were not hungry.

You visited 1 branch of the dungeon, and saw 3 of its levels.

You collected 40 gold pieces.

Inventory:

Hand Weapons
 i - a +0 halberd (weapon)
Armour
 a - a +0 robe
 h - a +0 cloak (worn)
 o - a +0 robe of positive energy (worn)
Jewellery
 d - a +5 ring of slaying (left hand)
Wands
 p - a wand of iceblast (6)
Scrolls
 b - 2 scrolls of random uselessness {unknown}
 e - a scroll of fog {unknown}
 f - 2 scrolls of remove curse {unknown}
 g - a scroll of teleportation {unknown}
 l - a scroll of amnesia {unknown}
 m - a scroll of magic mapping {unknown}
Potions
 k - a potion of invisibility {unknown}
Comestibles
 c - 3 rations
 n - 5 chunks of flesh


   Skills:
 + Level 0.6 Polearms
 + Level 2.6 Dodging
 + Level 2.0 Stealth
 + Level 0.2 Unarmed Combat
 + Level 3.0 Spellcasting
 + Level 2.6 Conjurations
 + Level 5.0 Air Magic


You had 3 spell levels left.
You knew the following spells:

 Your Spells              Type           Power        Failure   Level  Hunger
a - Shock                 Conj/Air       ##..         3%          1    #......
b - Swiftness             Chrm/Air       ##......     10%         2    ##.....
c - Static Discharge      Conj/Air       ##......     12%         3    ###....

Your spell library contained the following spells:

 Spells                   Type           Power        Failure   Level  Hunger
 Airstrike                Air            ###.......   24%         4    #####..
 Lightning Bolt           Conj/Air       ##........   71%         5    ######.


Dungeon Overview and Level Annotations

Branches:
Dungeon (3/15)

Altars:

Annotations:
D:3 2 transporters, Iscandelvey's ghost, amateur DsAM


Innate Abilities, Weirdness & Mutations

You have a beak for a mouth.
You have claws for feet.


Message History

You barely miss the bullfrog. Your kick misses the bullfrog.
The bullfrog is heavily wounded.
The bullfrog hits you. The bullfrog hits you!
Casting: Shock (safe; 3% risk of failure)
Confirm with . or Enter, or press ? or * to list all spells.
Okay, then.
The bullfrog barely misses you. The bullfrog hits you!
* * * LOW HITPOINT WARNING * * *
It was a potion of curing.
You feel better. The bullfrog hits you.
* * * LOW HITPOINT WARNING * * *
Casting: Shock (safe; 3% risk of failure)
Confirm with . or Enter, or press ? or * to list all spells.
You feel quick.
The bullfrog hits you but does no damage.
The bullfrog hits you.
* * * LOW HITPOINT WARNING * * *
Unknown command.
The bullfrog hits you.
You die...

#########
##.####..F@...#
......[..####.#
##.####.....#
.... #...#.#
.....##..## #
.........##
....###...#
..........#.#
+#..####..#.#


You could see a bullfrog.

Vanquished Creatures
  A gnoll (D:1)
  2 adders (D:2)
  3 worms (D:2)
  2 dart slugs (D:1)
  4 leopard geckos
  2 giant cockroaches
  7 goblins
  2 hobgoblins (D:2)
  4 jackals (D:2)
  5 kobolds
  A ball python (D:1)
  8 bats
  3 frilled lizards
  5 rats (D:1)
49 creatures vanquished.

Notes
Turn   | Place    | Note
-------+----------+-------------------------------------------
     0 | D:1      | doot the Tengu Air Elementalist began the quest for the
                  | Orb.
     0 | D:1      | Reached XP level 1. HP: 10/10 MP: 4/4
   211 | D:1      | Reached XP level 2. HP: 15/15 MP: 4/6
   215 | D:1      | Learned a level 2 spell: Swiftness
   456 | D:1      | Reached XP level 3. HP: 19/19 MP: 1/7
   716 | D:1      | Learned a level 3 spell: Static Discharge
  1095 | D:2      | Reached XP level 4. HP: 24/24 MP: 9/9
  1449 | D:3      | Found a transporter.
  1449 | D:3      | Noticed Iscandelvey's ghost (amateur DsAM)
  1452 | D:3      | Noticed a sky beast
  1465 | D:3      | Found a transporter.
  1547 | D:3      | Reached skill level 5 in Air Magic
  1557 | D:3      | Noticed a bullfrog
  1571 | D:3      | HP: 1/24 [bullfrog (7)]
  1576 | D:3      | Slain by a bullfrog

Skill      XL: |  1  2  3  4 |
---------------+-------------+-----
Conjurations   | 2 |  2.6
Spellcasting   | 3 |  3.0
Air Magic      | 5 |  5.0
Polearms       | |  0.6
Dodging        | |  2.6
Stealth        | |  2.0
Unarmed Combat | |  0.2

Action                   |  1- 3 |  4- 6 || total
-------------------------+-------+-------++-------
Melee: Unarmed           |     4 |       ||     4
       Kick              |     2 |       ||     2
       Halberd           |    15 |    10 ||    25
       Peck              |       |     1 ||     1
 Cast: Shock             |    51 |    31 ||    82
       Swiftness         |       |     1 ||     1
  Use: Potion            |       |     1 ||     1
 Stab: Sleeping          |       |     2 ||     2
  Eat: Chunk             |     1 |     2 ||     3
Armor: Robe              |     4 |     1 ||     5
Dodge: Dodged            |    23 |     8 ||    31
